 Dungeon Crawl Stone Soup version 0.28.0-43-g3370ac3207 (webtiles) character file.

Game seed: 4663299263779874936

431 pkoi the Gusty (level 6, 0/45 HPs)
             Began as a Draconian Air Elementalist on Mar 14, 2022.
             Was an Initiate of Sif Muna.
             Slain by a hornet (6 damage)
             ... on level 4 of the Dungeon.
             The game lasted 00:07:14 (4277 turns).

pkoi the Gusty (Draconian Air Elementalist)         Turns: 4277, Time: 00:07:15

Health: 0/45       AC: 10    Str: 10    XL:     6   Next: 66%
Magic:  4/9        EV: 12    Int: 17    God:    Sif Muna [......]
Gold:   128        SH:  0    Dex: 18    Spells: 1/9 levels left

rFire   . . .      SeeInvis .   c - +0 short sword
rCold   . . .      Faith    .   (no shield)
rNeg    . . .      Spirit   .   (armour unavailable)
rPois   .          Reflect  .   (helmet restricted)
rElec   .          Harm     .   (no cloak)
rCorr   .          Rampage  .   (no gloves)
Will    .....                   (no boots)
Stlth   ++........              (no amulet)
HPRegen 0.15/turn               f - +4 ring of protection
MPRegen 0.11/turn               n - +6 ring of dexterity

@: lethally poisoned (0 -> -6), slowed, very slow
A: AC +6, unfitting armour, cold-blooded
a: Renounce Religion


You were on level 4 of the Dungeon.
You worshipped Sif Muna.
Sif Muna was noncommittal.
You visited 2 branches of the dungeon, and saw 6 of its levels.

You collected 128 gold pieces.

Inventory:

Hand Weapons
 c - a +0 short sword (weapon)
Missiles
 p - 2 poisoned darts
Magical Staves
 s - a staff of cold
Jewellery
 f - a +4 ring of protection (left hand)
 n - a +6 ring of dexterity (right hand)
 r - a ring of protection from cold
Scrolls
 a - 2 scrolls of magic mapping {unknown}
 b - a scroll of teleportation {unknown}
 h - 2 scrolls of identify {unknown}
 i - a scroll of acquirement {unknown}
 j - a scroll of torment {unknown}
 k - a scroll of fog {unknown}
 l - a scroll of holy word {unknown}
 m - a scroll of immolation {unknown}
 o - a scroll of blinking {unknown}
 t - a scroll of enchant armour {unknown}
Potions
 d - 2 potions of mutation {unknown}
 e - 2 potions of invisibility {unknown}
 g - 5 potions of ambrosia {unknown}
 q - a potion of curing {unknown}
 u - a potion of cancellation {unknown}
 v - a potion of degeneration {unknown}


   Skills:
 - Level 1.7 Dodging
 - Level 1.7 Stealth
 - Level 2.0 Spellcasting
 - Level 1.0 Conjurations
 + Level 7.6 Air Magic


You had one spell level left.
You knew the following spells:

 Your Spells              Type           Power      Damage    Failure   Level
a - Shock                 Conj/Air       64%        1d7       3%          1
b - Swiftness             Air            27%        N/A       2%          3
c - Airstrike             Air            13%        N/A       9%          4

Your spell library contained the following spells:

 Spells                   Type           Power      Damage    Failure   Level
 Static Discharge         Conj/Air       16%        N/A       4%          2
 Conjure Flame            Conj/Fire      3%         6-21      43%         3
 Ignite Poison            Fire/Tmut/Pois 1%         N/A       50%         3
 Sticky Flame             Conj/Fire      3%         2d3       83%         4
 Dispel Undead            Necr           1%         3d6       88%         4
 Conjure Ball Lightning   Conj/Air       8%         3x3d6     99%         6
 Discord                  Hex            0%         N/A       100%        8
 Disjunction              Tloc           0%         N/A       100%        8


Dungeon Overview and Level Annotations

Branches:
Dungeon (5/15)             Temple (1/1) D:5

Altars:
Ashenzari
Dithmenos
Elyvilon
Fedhas
Kikubaaqudgha
Makhleb
Nemelex Xobeh
Okawaru
Ru
Sif Muna
Trog
Uskayaw
Zin
The Shining One

Annotations:
D:3 Sigmund


Innate Abilities, Weirdness & Mutations

Your plain brown scales are hard. (AC +6)
You cannot fit into any form of body armour.
You are cold-blooded and may be slowed by cold attacks.


Message History

You feel as though you will be slow longer.
Aiming: Shock (safe; 3% risk of failure)
Press: ? - help, Q - select action, (/) - cycle Shift-Dir - straight line The zap hits the hornet.
The hornet is heavily wounded.
The zap hits the hornet but does no damage.
The hornet is heavily wounded.
You feel sick.
The hornet stings you but does no damage.
The hornet stings you.
* * * LOW HITPOINT WARNING * * *
You suddenly lose the ability to move!
The hornet stings you!
* * * LOW HITPOINT WARNING * * *
You are more poisoned.
You feel as though you will be slow longer.
You feel very sick. The hornet stings you.
* * * LOW HITPOINT WARNING * * *
You feel as though you will be slow longer.
You can move again.
Aiming: Shock (safe; 3% risk of failure)
Press: ? - help, Q - select action, (/) - cycle Shift-Dir - straight line The zap hits the hornet but does no damage.
The hornet is heavily wounded.
The zap hits the hornet.
The hornet is heavily wounded.
You feel very sick. The hornet closely misses you. The hornet stings you!
* * * LOW HITPOINT WARNING * * *
You feel as though you will be slow longer.
Aiming: Shock (safe; 3% risk of failure)
Press: ? - help, Q - select action, (/) - cycle Shift-Dir - straight line The zap hits the hornet.
The hornet is heavily wounded.
The zap hits the hornet.
The hornet is severely wounded.
* * * LOW HITPOINT WARNING * * *
You feel very sick. The hornet stings you.
You die...

........#####
#..#.####
####........#####
#.#..#
##.#..##..#.<#
#...##
#..#.###....#
#####
##....##....#.
#..............
#...###.###.......
....)### #y##
....... .(####
#.@# #...... ##.#
...... #.< ......
###. ##


You could see a hornet.

Vanquished Creatures
  Menkaure (D:4)
  2 water moccasin skeletons
  A hound (Temple)
  An orc priest (D:5)
  Terence (D:3)
  An iguana (D:4)
  3 adders
  A worm (D:4)
  2 dart slugs
  5 orcs
  An endoplasm (D:2)
  2 giant cockroaches
  6 hobgoblins
  4 jackals (D:2)
  8 kobolds
  3 quokkas
  5 ball pythons
  8 bats
  2 frilled lizards
  6 goblins
  4 rats
67 creatures vanquished.

Notes
Turn   | Place    | Note
-------+----------+-------------------------------------------
     0 | D:1      | pkoi the Draconian Air Elementalist began the quest for the
                  | Orb.
     0 | D:1      | Reached XP level 1. HP: 14/14 MP: 3/3
   329 | D:1      | Reached XP level 2. HP: 17/20 MP: 0/5
  1207 | D:2      | Reached skill level 4 in Air Magic
  1372 | D:2      | Reached XP level 3. HP: 26/26 MP: 0/6
  1435 | D:2      | Found a faded altar of an unknown god.
  1685 | D:2      | Found a glowing golden altar of the Shining One.
  1901 | D:2      | Reached skill level 5 in Air Magic
  1901 | D:2      | Reached XP level 4. HP: 29/33 MP: 0/7
  2451 | D:3      | Noticed Sigmund
  2569 | D:3      | Noticed Terence
  2580 | D:3      | Killed Terence
  2694 | D:3      | Reached XP level 5. HP: 38/38 MP: 0/8
  2938 | D:3      | Found a sparkling altar of Nemelex Xobeh.
  2968 | D:3      | You fall into a shaft and drop 2 floors!
  2968 | D:5      | Entered Level 5 of the Dungeon
  2978 | D:5      | Found a staircase to the Ecumenical Temple.
  2985 | Temple   | Entered the Ecumenical Temple
  2997 | Temple   | Reached skill level 6 in Air Magic
  3097 | Temple   | Became a worshipper of Sif Muna the Loreminder
  3166 | D:5      | Noticed a sky beast
  3178 | D:5      | Learned a level 3 spell: Swiftness
  3183 | D:5      | Learned a level 4 spell: Airstrike
  3732 | D:4      | Found a glowing silver altar of Zin.
  3742 | D:4      | Noticed Menkaure
  3793 | D:4      | Killed Menkaure
  3794 | D:4      | Reached skill level 7 in Air Magic
  3794 | D:4      | Reached XP level 6. HP: 24/45 MP: 3/9
  4105 | D:4      | Found a bloodstained altar of Trog.
  4265 | D:4      | Noticed a hornet
  4274 | D:4      | Paralysed by a hornet for 2 turns
  4277 | D:4      | Slain by a hornet

Illustrated notes

Levels and vault maps discovered:
D:1:      dpeg_arrival_tiny_i, layout_loops_corners
D:2:      layout_loops_ring, basic_altar, ebering_ecumenical_altar_sacrificial
D:3:      kennysheep_the_goblin_king, layout_basic,
          nemelex_xobeh_ov_fountains_minmay, minivault_26, uniq_terence,
          uniq_sigmund
D:4:      layout_rooms, minitemple, lemuel_tele_altar, uniq_menkaure
D:5:      lemuel_insect_pit, layout_loops_ring,
          nicolae_wu_jian_immortal_techniques, kennysheep_mini_moat,
          gammafunk_temple_overflow_wave, minmay_temple_entry_drinking_statues,
          kennysheep_potato
Temple:   eino_wide_crystal_templ

Skill      XL: |  1  2  3  4  5 |
---------------+----------------+-----
Air Magic      | 4 5 7 |  7.6
Dodging        | |  1.7
Stealth        | |  1.7
Spellcasting   | |  2.0
Conjurations   | |  1.0

Action                   |  1- 3 |  4- 6 || total
-------------------------+-------+-------++-------
Melee: Short sword       |    28 |    25 ||    53
       Tailslap          |     2 |     3 ||     5
       Punch             |     1 |       ||     1
 Cast: Shock             |    65 |    87 ||   152
Armor: Skin              |    16 |    20 ||    36
Dodge: Dodged            |    26 |    29 ||    55
